 Dungeon Crawl Stone Soup version 0.27.1-2-g3b301248ec (webtiles) character file.

Game seed: 7074106821549469302

10741 Eitelfritz the Destroyer (level 11, -4/60 HPs)
             Began as a Tengu Air Elementalist on Oct 2, 2021.
             Was a Believer of Vehumet.
             Slain by a catoblepas (27 damage)
             ... on level 9 of the Dungeon.
             The game lasted 01:02:50 (11628 turns).

Eitelfritz the Destroyer (Tengu Air Elementalist)  Turns: 11628, Time: 01:02:51

Health: -4/60      AC: 11    Str:  9    XL:     11   Next: 66%
Magic:  16/25      EV: 15    Int: 19    God:    Vehumet [**....]
Gold:   260        SH:  3    Dex: 14    Spells: 10/28 levels left

rFire    + + .     SeeInvis .   a - +1 scimitar (flame)
rCold    + . .     Faith    .   G - +0 buckler
rNeg     . . .     Spirit   .   l - +3 troll leather armour {Purgy}
rPois    +         Reflect  .   (helmet restricted)
rElec    .         Harm     .   o - scarf {rC+ rF+}
rCorr    .         Rampage  .   d - +2 pair of gloves {Stlth+}
Will     +....                  (boots unavailable)
Stlth    +++.......             (no amulet)
HPRegen  1.20/turn              n - ring of protection from fire
MPRegen  0.19/turn              H - ring "Feoshol" {Wiz rPois Will+}

@: flying quickly and evasively, quick
A: beak, talons 3, nimble flight
a: Renounce Religion


You were on level 9 of the Dungeon.
You worshipped Vehumet.
Vehumet was pleased with you.
You visited 2 branches of the dungeon, and saw 10 of its levels.
You also visited: Sewer and Bailey.

You collected 996 gold pieces.
You spent 736 gold pieces at shops.

Inventory:

Hand Weapons
 a - a +1 scimitar of flaming (weapon)
 x - a +1 spectral falchion
Missiles
 h - 3 boomerangs of dispersal
 t - 24 poisoned darts
 y - a throwing net
Armour
 d - a +2 pair of gloves of stealth (worn)
 l - a +3 troll leather armour (worn) {Purgy}
 o - a scarf of resistance (worn)
 G - a +0 buckler (worn)
Jewellery
 b - an amulet of guardian spirit
 j - a +6 ring of dexterity
 k - a ring of see invisible
 m - a ring of ice
 n - a ring of protection from fire (left hand)
 z - a ring of protection from cold
 H - the ring "Feoshol" (right hand) {Wiz rPois Will+}
   (You acquired it in a bailey)

   [ring of wizardry]

   It improves your spell success rate.
   rPois:     It protects you from poison.
   Will:      It increases your willpower.
Wands
 g - a wand of iceblast (15)
 w - a wand of mindburst (17)
Scrolls
 f - 7 scrolls of teleportation
 p - 5 scrolls of fog
 v - 2 scrolls of amnesia
 F - 3 scrolls of silence
Potions
 c - a potion of curing
 e - 2 potions of magic
 i - a potion of resistance
 r - a potion of cancellation {unknown}
 s - a potion of brilliance {unknown}
 u - 2 potions of might
 A - 3 potions of flight {unknown}
 B - a potion of lignification {unknown}
 C - a potion of berserk rage {unknown}
 D - 2 potions of haste
 E - a potion of mutation {unknown}


   Skills:
 + Level 3.2 Fighting
 + Level 5.2 Long Blades
 + Level 4.8 Armour
 + Level 5.1 Dodging
 + Level 4.5 Stealth
 + Level 0.8 Unarmed Combat
 + Level 9.3 Spellcasting
 + Level 11.2 Conjurations
 + Level 1.2 Fire Magic
 + Level 11.0 Air Magic


You had 10 spell levels left.
You knew the following spells:

 Your Spells              Type           Power      Damage    Failure   Level
a - Shock                 Conj/Air       100%       1d9       1%          1
b - Static Discharge      Conj/Air       50%        N/A       1%          2
c - Swiftness             Air            50%        N/A       1%          3
d - Airstrike             Air            25%        N/A       1%          4
e - Conjure Flame         Conj/Fire      32%        6-21      1%          3
f - Sticky Flame          Conj/Fire      32%        2d5       6%          4
g - Magic Dart            Conj           100%       1d8       1%          1

Your spell library contained the following spells:

 Spells                   Type           Power      Damage    Failure   Level
 Poisonous Vapours        Pois/Air       58%        N/A       1%          2
 Searing Ray              Conj           100%       3d7       1%          2
 Summon Small Mammal      Summ           32%        N/A       8%          1
 Fulminant Prism          Conj/Hex       15%        3d11      8%          4
 Ensorcelled Hibernation  Hex/Ice        16%        N/A       11%         2
 Ignite Poison            Fire/Tmut/Pois 10%        N/A       19%         3
 Call Canine Familiar     Summ           8%         N/A       21%         3
 Spider Form              Tmut/Pois      4%         N/A       21%         3
 Summon Guardian Golem    Hex/Summ       8%         N/A       21%         3
 Shadow Creatures         Summ           N/A        N/A       100%        6


Dungeon Overview and Level Annotations

Branches:
Dungeon (9/15)             Temple (1/1) D:7           Sewer (visited)
 Bailey (visited)
   Lair: D:8-11         Orc: D:9-12

Altars:
Ashenzari
Cheibriados
Dithmenos
Elyvilon
Fedhas
Gozag
Hepliaklqana
Kikubaaqudgha
Makhleb
Nemelex Xobeh
Okawaru
Qazlal
Ru
Sif Muna
Trog
Uskayaw
Vehumet
Wu Jian
Xom
Yredelemnul
Zin
The Shining One

Shops:
D:5 [   D:6 (   D:7 [=*!


Innate Abilities, Weirdness & Mutations

You have a beak for a mouth.
You have claws for feet.
Your magical nature lets you fly swiftly and evasively.


Message History

The catoblepas breathes a plume of calcifying dust at you.
The blast of calcifying dust hits you.
The catoblepas burns!
The catoblepas stops burning.
The catoblepas gores you!!
* * * LOW HITPOINT WARNING * * *
You feel much better.
The four-headed hydra roars!
The catoblepas barely misses you.
You riposte.
You hit the catoblepas. You burn the catoblepas.
The catoblepas is heavily wounded.
Unknown command.
Casting: Sticky Flame (dangerous; 6% risk of failure)
Confirm with . or Enter, or press ? or * to list all spells.
Aiming: Sticky Flame (dangerous; 6% risk of failure)
Press: ? - help, Shift-Dir - straight line, f/p - catoblepas
Aim: a catoblepas (heavily wounded, 100% to hit)
The sticky flame hits the catoblepas.
The catoblepas is heavily wounded.
The catoblepas is covered in liquid flames!
The catoblepas burns!
The catoblepas breathes a plume of calcifying dust at you.
The blast of calcifying dust hits you but does no damage.
The catoblepas burns!
The catoblepas breathes a plume of calcifying dust at you.
The blast of calcifying dust hits you but does no damage.
The catoblepas closely misses you.
You hit the catoblepas but do no damage.
You peck the catoblepas, but do no damage.
The catoblepas is heavily wounded.
The catoblepas burns! x2; The catoblepas closely misses you.
You hit the catoblepas but do no damage.
The catoblepas is severely wounded.
The catoblepas burns!
The catoblepas gores you!!
* * * LOW HITPOINT WARNING * * *
Unknown command.
You feel much better.
The catoblepas burns!
The catoblepas gores you!
You hit the catoblepas but do no damage.
Your kick misses the catoblepas.
The catoblepas is severely wounded.
The catoblepas burns!
The catoblepas stops burning.
The catoblepas gores you!!
You die...

'.#.# #.....#..###.# ###.##
#.......[# #.#
#.#..##############......#.###.#
#.#..#...#...#...#.............#
.....')..'...'.).##.####.#.######
.÷...#...#...#...# #.#.......
.).>.##'#######§## #.#..#####
..##.#...#).$#.§.# #.#...<<..
..##.#...#..D#.Y@# #.#..##.##
.....#...#|.|#...# #.......#
#....######+###+## ....#######
#....# ..... ###..# ##.. #..# #..
#..##### #. #......# #......#


You could see a catoblepas and a four-headed hydra.

Vanquished Creatures
  An orc warlord (Bailey)
  A centaur warrior (D:9)
  A two-headed ogre (D:9)
  The ghost of chujev the Basher, a novice TrBe of Trog (D:6)
  2 orc knights (Bailey)
  A cyclops (D:9)
  Maggie (D:7)
  A tengu conjurer (D:9)
  A troll (D:9)
  Grinder (D:5)
  Sigmund (D:5)
  10 yaks
  3 orc warriors
  A sky beast (D:6)
  Purgy (Sewer)
  An ice beast (D:6)
  A hornet zombie (D:7)
  3 necrophages
  An ogre (D:4)
  A phantom (D:6)
  3 bullfrogs
  3 gnoll sergeants
  3 scorpions (D:6)
  6 killer bees (D:8)
  14 wights
  4 howler monkeys (D:8)
  A centaur zombie (D:8)
  A hound (D:4)
  2 jellies
  2 bullfrog skeletons
  A gnoll shaman (D:8)
  5 orc priests
  5 iguanas
  10 orc wizards
  2 hound skeletons
  31 gnolls
  10 adders
  An adder skeleton (D:4)
  3 worms
  7 dart slugs
  40 orcs
  2 endoplasms
  A giant cockroach (D:1)
  11 goblins
  7 hobgoblins
  4 jackals (D:4)
  A quokka (D:4)
  7 ball pythons
  6 bats
  8 frilled lizards
  22 kobolds
  8 rats
265 creatures vanquished.

Vanquished Creatures (others)
  A fungus (D:3)
  3 plants
4 creatures vanquished.

Grand Total: 269 creatures vanquished

Notes
Turn   | Place    | Note
-------+----------+-------------------------------------------
     0 | D:1      | Eitelfritz the Tengu Air Elementalist began the quest for
                  | the Orb.
     0 | D:1      | Reached XP level 1. HP: 10/10 MP: 4/4
   255 | D:1      | Reached XP level 2. HP: 15/15 MP: 3/6
   927 | D:1      | Reached XP level 3. HP: 19/19 MP: 3/7
  1716 | D:2      | Learned a level 2 spell: Static Discharge
  1890 | D:2      | Reached skill level 5 in Air Magic
  1890 | D:2      | Reached XP level 4. HP: 24/24 MP: 4/9
  2659 | D:3      | Gained mutation: Your magical nature lets you fly swiftly
                  | and evasively. [Tengu growth]
  2659 | D:3      | Reached XP level 5. HP: 23/28 MP: 1/10
  2663 | D:3      | Learned a level 3 spell: Swiftness
  2793 | D:3      | Found a faded altar of an unknown god.
  3514 | D:4      | Reached skill level 1 in Long Blades
  3519 | D:4      | Reached XP level 6. HP: 32/32 MP: 3/11
  3612 | D:4      | Reached skill level 1 in Fighting
  3700 | D:4      | Found a glowing drain.
  3750 | Sewer    | Entered a sewer
  3822 | Sewer    | Learned a level 4 spell: Airstrike
  3903 | Sewer    | Noticed Purgy
  3927 | Sewer    | Killed Purgy
  4278 | D:4      | Reached XP level 7. HP: 38/38 MP: 10/13
  4687 | D:4      | Found a shimmering altar of Xom.
  4900 | D:4      | Found a burning altar of Makhleb.
  4904 | D:4      | Reached skill level 5 in Conjurations
  5028 | D:5      | Entered Level 5 of the Dungeon
  5282 | D:5      | Reached XP level 8. HP: 3/43 MP: 13/16
  5408 | D:5      | Identified the +3 spear "Beetle's Funeral" {venom, rElec
                  | rN+}
  5466 | D:5      | Noticed Grinder
  5490 | D:5      | Killed Grinder
  5491 | D:5      | Reached skill level 1 in Armour
  5491 | D:5      | Reached skill level 5 in Spellcasting
  5533 | D:5      | Noticed Sigmund
  5543 | D:5      | Killed Sigmund
  5729 | D:5      | HP: 1/44 [orc priest/divine providence (9)]
  5870 | D:5      | Found Juinissa's Armour Emporium.
  5879 | D:5      | Bought a +1 pair of gloves of stealth for 214 gold pieces
  6586 | D:6      | Found a runed translucent door.
  6588 | D:6      | Reached XP level 9. HP: 48/48 MP: 12/18
  6635 | D:6      | Noticed chujev's ghost (novice TrBe)
  7077 | D:6      | Found a bloodstained altar of Trog.
  7078 | D:6      | Found a glowing silver altar of Zin.
  7124 | D:6      | Found Noarchext's Hydra Hut.
  7195 | D:6      | Noticed a seven-headed hydra
  7961 | D:7      | Found Zesaneto's Assorted Antiques.
  7989 | D:7      | Reached XP level 10. HP: 33/54 MP: 4/21
  8109 | D:7      | Found Suykk's Distillery.
  8112 | D:7      | Bought a potion of heal wounds for 60 gold pieces
  8177 | D:7      | Found Gezxanku's Jewellery Shop.
  8188 | D:7      | Noticed Maggie
  8200 | D:7      | Killed Maggie
  8262 | D:7      | Found a staircase to the Ecumenical Temple.
  8302 | D:7      | Found Zyvvikkeipt's Antique Armour Emporium.
  8518 | Temple   | Entered the Ecumenical Temple
  8575 | Temple   | Became a worshipper of Vehumet
  8597 | D:7      | Learned a level 3 spell: Conjure Flame
  8602 | D:7      | Learned a level 4 spell: Sticky Flame
  8641 | D:8      | Found a flagged portal.
  8649 | Bailey   | Entered a bailey
  8712 | Bailey   | Noticed an orc warlord
  8923 | Bailey   | Reached * piety under Vehumet
  8923 | Bailey   | Offered knowledge of Sandblast by Vehumet.
  8942 | Bailey   | Noticed an orc knight
  8999 | Bailey   | Killed an orc knight
  9146 | Bailey   | Found a runed translucent gate.
  9153 | Bailey   | Found a runed translucent gate.
  9154 | Bailey   | Found a runed translucent gate.
  9160 | Bailey   | Noticed an orc knight
  9345 | Bailey   | Killed an orc knight
  9720 | Bailey   | Killed an orc warlord
  9721 | Bailey   | Reached skill level 10 in Conjurations
  9721 | Bailey   | Reached skill level 10 in Air Magic
  9778 | Bailey   | Identified the +6 war axe of Ru's Supremacy {drain, Dex+6}
  9788 | Bailey   | Identified the +1 robe of Lethargy {*Corrode +Blink Will+}
  9795 | Bailey   | Acquired the ring "Feoshol" {Wiz rPois Will+}
  9799 | Bailey   | Acquired 446 gold pieces
  9848 | D:7      | Bought a runed scarf for 264 gold pieces
  9890 | D:6      | Bought a +1 scimitar of flaming for 198 gold pieces
  9999 | D:6      | Killed chujev's ghost
 10000 | D:6      | Reached XP level 11. HP: 59/59 MP: 10/24
 10197 | D:8      | Learned a level 1 spell: Magic Dart
 10746 | D:9      | Found a shadowy altar of Dithmenos.
 10755 | D:9      | Identified the +6 mace "Conservator" {freeze, Will+ Dex+5
                  | Stlth+}
 10804 | D:9      | Reached ** piety under Vehumet
 10804 | D:9      | Offered knowledge of Poisonous Vapours by Vehumet.
 11044 | D:9      | Found an iron altar of Okawaru.
 11305 | D:9      | Found a glowing golden altar of the Shining One.
 11331 | D:9      | Noticed a cyclops
 11342 | D:9      | Killed a cyclops
 11343 | D:9      | Reached skill level 5 in Long Blades
 11407 | D:9      | Noticed a two-headed ogre
 11426 | D:9      | Killed a two-headed ogre
 11510 | D:9      | Reached skill level 5 in Dodging
 11558 | D:9      | Noticed a centaur warrior
 11565 | D:9      | Killed a centaur warrior
 11566 | D:9      | Reached skill level 1 in Fire Magic
 11610 | D:9      | Noticed a catoblepas
 11612 | D:9      | Noticed a four-headed hydra
 11620 | D:9      | HP: 3/60 [catoblepas (24)]
 11628 | D:9      | Slain by a catoblepas

Illustrated notes

Levels and vault maps discovered:
D:1:      wheals_arrival_shading, layout_basic
D:2:      layout_basic
D:3:      layout_rooms, shapermc_ecumenical_altar_mp_urbaneastern,
          minmay_box_of_dots
D:4:      layout_rooms, general_overflow_altar, makhleb_blood_cavern_becter,
          cheibrodos_sewer_entry_bend
D:5:      layout_layer_cave, serial_shops, shop, uniq_sigmund, uniq_grinder
D:6:      layout_rooms, chequers_temple_overflow_statue_of_worship,
          ebering_ghost_sewer_d, doesnt_shop_hydraphobe
D:7:      layout_basic, minmay_temple_entry_statues, serial_shops,
          kennysheep_mini, nicolae_take_the_stairs,
          nicolae_shop_window_shopping, shop, chequers_mini_garden, uniq_maggie
D:8:      layout_rooms, enter_bailey_3, minmay_puff
D:9:      layout_basic, nicolae_dithmenos_shadow_blocks,
          nicolae_tso_swordbearing_angel, okawaru_ov_weapons_minmay,
          minmay_evil_grid
Temple:   eino_wide_crystal_templ

Skill      XL: |  1  2  3  4  5  6  7  8  9 10 11 |
---------------+----------------------------------+-----
Conjurations   | 2 3 4 5 7 8 10 11 | 11.2
Air Magic      | 5 6 8 9 10 11 | 11.0
Spellcasting   | 3 4 5 6 8 9 |  9.3
Long Blades    | 1 2 3 4 5 |  5.2
Fighting       | 1 2 3 |  3.2
Armour         | 2 4 |  4.8
Dodging        | 3 4 5 |  5.1
Stealth        | 3 4 |  4.5
Fire Magic     | 1 |  1.2
Unarmed Combat | |  0.8

Action                   |  1- 3 |  4- 6 |  7- 9 | 10-12 || total
-------------------------+-------+-------+-------+-------++-------
Melee: Unarmed           |     1 |       |       |       ||     1
       Falchion          |       |    39 |   108 |    28 ||   175
       Peck              |       |     9 |    28 |    32 ||    69
       Kick              |       |    15 |    49 |    33 ||    97
       Punch             |       |       |     3 |       ||     3
       Scimitar          |       |       |       |    85 ||    85
 Cast: Shock             |    89 |   102 |   189 |   208 ||   588
       Static Discharge  |       |     1 |    13 |    26 ||    40
       Conjure Flame     |       |       |       |     8 ||     8
       Sticky Flame      |       |       |       |    11 ||    11
       Swiftness         |       |       |       |     1 ||     1
  Use: Scroll            |       |     8 |     7 |     6 ||    21
       Potion            |       |       |     3 |     4 ||     7
 Stab: Sleeping          |       |       |     2 |     3 ||     5
       Distracted        |       |       |     1 |       ||     1
Armor: Robe              |       |     3 |       |       ||     3
       Troll leather arm |       |       |    18 |    44 ||    62
Dodge: Dodged            |     4 |    35 |    74 |   134 ||   247
Block: Buckler           |       |       |       |     2 ||     2
       Rpst.: Falchion   |       |    14 |    21 |     6 ||    41
       Scimitar          |       |       |       |    24 ||    24
